 Dungeon Crawl Stone Soup version 0.22.1-2-g9c5b331 (webtiles) character file.

4935 Fang the Cleaver (level 10, -4/64 HPs)
             Began as a Gargoyle Berserker on Dec 4, 2018.
             Was an Elder of Trog.
             Slain by a troll (6 damage)
             ... on level 10 of the Dungeon.
             The game lasted 00:10:59 (8956 turns).

Fang the Cleaver (Gargoyle Berserker)               Turns: 8956, Time: 00:11:00

Health: -4/64      AC:  9    Str: 28    XL:     10   Next: 52%
Magic:  10/10      EV: 14    Int:  8    God:    Trog [****..]
Gold:   729        SH:  0    Dex:  9    Spells: 9/9 levels left

rFire    . . .     SeeInvis +   y - +2 battleaxe (flame)
rCold    . . .     Gourm    .   (shield currently unavailable)
rNeg     + . .     Faith    .   r - +0 robe of Mijaurid {Str+4}
rPois    ∞         Spirit   .   (no helmet)
rElec    +         Reflect  .   (no cloak)
rCorr    .         Harm     .   (no gloves)
MR       .....                  (no boots)
Stlth    ++........             (no amulet)
HPRegen  0.20/turn              (no ring)
MPRegen  0.12/turn              q - ring of see invisible

@: about to teleport, berserk cooldown, slowed, very slow
A: negative energy resistance 1, electricity resistance, unbreathing,
petrification resistance, rot immunity, AC +7
a: Berserk, Trog's Hand, Brothers in Arms, Renounce Religion


You were on level 10 of the Dungeon.
You worshipped Trog.
Trog was greatly pleased with you.
You were not hungry.

You visited 2 branches of the dungeon, and saw 11 of its levels.

You collected 729 gold pieces.

Inventory:

Hand Weapons
 n - a +5 war axe
 y - a +2 battleaxe of flaming (weapon)
Armour
 e - a +1 chain mail
 r - the +0 robe of Mijaurid (worn) {Str+4}
   (You found it on level 4 of the Dungeon)

   It affects your strength (+4).
Jewellery
 q - a ring of see invisible (right hand)
 A - an uncursed ring of fire
Wands
 f - a wand of flame (37)
 j - a wand of random effects (59)
 k - a wand of digging (16)
 p - a wand of iceblast (22)
 z - a wand of acid (9)
Scrolls
 a - 6 scrolls of remove curse
 b - a scroll of teleportation
 g - 2 scrolls of enchant armour
 i - a scroll of fog
 u - a scroll of magic mapping {unknown}
Potions
 d - 4 potions of curing
 h - a potion of ambrosia
 l - a potion of brilliance {unknown}
 m - 3 potions of flight
 o - a potion of haste
 s - a potion of mutation
 t - 2 potions of cancellation
 v - 2 potions of lignification
 w - 2 potions of heal wounds
 x - 2 potions of agility
Comestibles
 c - 9 rations


   Skills:
 + Level 8.0 Fighting
 + Level 10.6 Axes
 + Level 4.4 Armour
 + Level 5.1 Dodging
 + Level 4.1 Stealth


You had 9 spell levels left.
You didn't know any spells.
Your spell library was empty.

Dungeon Overview and Level Annotations

Branches:
Dungeon (10/15)            Temple (1/1) D:5            Lair (0/6) D:10
    Orc (0/2) D:10

Altars:
Ashenzari
Okawaru
Ru
Sif Muna
Trog
The Shining One

Shops:
D:5 =   D:7 [


Innate Abilities, Weirdness & Mutations

You are resistant to torment.
Your stone body is resilient. (AC +7)
You are immune to poison.
You resist negative energy. (rN+)
You are resistant to electric shocks. (rElec)
You can survive without breathing.
You are immune to petrification.
You are immune to rotting.


Message History

* * * LOW HITPOINT WARNING * * *
The troll closely misses you. The troll claws you but does no damage.
The bullfrog skeleton closely misses you.
You see here a killer bee corpse.
Unknown command.
As you read the scroll of teleportation, it crumbles to dust.
You feel strangely unstable. The troll bites you.
* * * LOW HITPOINT WARNING * * *
The troll barely misses you. The troll claws you but does no damage.
The bullfrog skeleton barely misses you.
The troll barely misses you. The troll misses you. x2
The bullfrog skeleton completely misses you.
You feel better.
The bullfrog skeleton hits you but does no damage.
The troll bites you.
* * * LOW HITPOINT WARNING * * *
The troll claws you.
* * * LOW HITPOINT WARNING * * *
The troll claws you.
You die...

#... ..... .#
#... ....%. .# .
#... ......
..##.. ....
...... ..... .
......####... #
..........#
#..T†..#
#.†Z@..#
.....##..#
#..###.#
.....##..# #.=#
# .....##..#
#..# #
.....##..# #..#
. .....##..#
#..#
.....##..####..#
.†...##........#
.....##........#


You could see a troll and a bullfrog skeleton.

Vanquished Creatures
  Harold (D:7)
  A hippogriff (D:10)
  Sigmund (D:2)
  A wraith (D:10)
  A hungry ghost (D:8)
  An ice beast (D:9)
  2 sky beasts
  2 black bears
  An orc warrior (D:8)
  2 phantoms
  3 ogres
  3 centaurs
  2 big kobolds
  2 bullfrogs
  3 scorpions
  A water moccasin skeleton (D:9)
  12 killer bees
  8 wights (D:9)
  3 crimson imps (D:8)
  A bullfrog zombie (D:5)
  2 jellies
  An orc priest (D:9)
  2 centaur skeletons (D:5)
  A hound (D:4)
  4 orc wizards
  3 iguanas
  Terence (D:2)
  Jessica (D:2)
  A bullfrog skeleton (D:6)
  10 worker ants
  3 hound skeletons
  5 gnolls
  6 adders
  A shadow imp (D:6)
  2 oozes (D:6)
  An adder skeleton (D:9)
  3 worms
  A dart slug (D:5)
  3 leopard geckos
  27 orcs
  A ball python (D:2)
  3 giant cockroaches
  6 goblins
  7 hobgoblins
  8 kobolds
  6 quokkas
  2 bats (D:2)
  2 frilled lizards
  A jackal skeleton (D:7)
  9 rats
  A fungus (D:2)
175 creatures vanquished.

Vanquished Creatures (others)
  2 plants
2 creatures vanquished.

Grand Total: 177 creatures vanquished

Notes
Turn   | Place    | Note
-------+----------+-------------------------------------------
     0 | D:1      | Fang the Gargoyle Berserker began the quest for the Orb.
     0 | D:1      | Reached XP level 1. HP: 14/14 MP: 1/1
   154 | D:1      | Reached XP level 2. HP: 16/19 MP: 2/2
   300 | D:1      | Reached skill level 3 in Axes
   784 | D:1      | Reached XP level 3. HP: 24/24 MP: 3/3
  1146 | D:2      | Noticed Sigmund
  1160 | D:2      | Killed Sigmund
  1160 | D:2      | Reached skill level 4 in Axes
  1160 | D:2      | Reached XP level 4. HP: 30/30 MP: 4/4
  1160 | D:2      | Reached XP level 5. HP: 34/34 MP: 5/5
  1443 | D:2      | Noticed Jessica
  1445 | D:2      | Killed Jessica
  1445 | D:2      | Reached XP level 6. HP: 39/39 MP: 6/6
  1451 | D:2      | Found a bloodstained altar of Trog.
  1456 | D:2      | Found a glowing golden altar of the Shining One.
  1633 | D:2      | Noticed Terence
  1650 | D:2      | Killed Terence
  1767 | D:3      | Reached ** piety under Trog
  1849 | D:3      | Found a shattered altar of Ashenzari.
  2327 | D:4      | Reached skill level 5 in Axes
  2327 | D:4      | Reached XP level 7. HP: 44/44 MP: 7/7
  2337 | D:4      | Got a heavy robe
  2348 | D:4      | Identified the cursed +0 robe of Mijaurid {Str+4} (You
                  | found it on level 4 of the Dungeon)
  2791 | D:5      | Entered Level 5 of the Dungeon
  2873 | D:5      | Reached skill level 5 in Fighting
  3114 | D:5      | Found a staircase to the Ecumenical Temple.
  3127 | Temple   | Entered the Ecumenical Temple
  3880 | D:5      | Found Ywkiddus's Jewellery Shoppe.
  4165 | D:5      | Found an iron altar of Okawaru.
  4391 | D:6      | Reached skill level 6 in Axes
  4432 | D:6      | Reached skill level 1 in Stealth
  4659 | D:6      | Reached XP level 8. HP: 21/50 MP: 8/8
  5781 | D:7      | Noticed Harold
  5821 | D:7      | Killed Harold
  5821 | D:7      | Reached *** piety under Trog
  5821 | D:7      | Reached skill level 8 in Axes
  5821 | D:7      | Reached XP level 9. HP: 4/56 MP: 9/9
  6270 | D:7      | Found Aqeeser's Antique Armour Shoppe.
  6741 | D:7      | Found a deep blue altar of Sif Muna.
  6840 | D:7      | Reached skill level 9 in Axes
  7256 | D:8      | Reached XP level 10. HP: 34/63 MP: 10/10
  7940 | D:9      | Reached **** piety under Trog
  7940 | D:9      | Reached skill level 10 in Axes
  7972 | D:9      | Found a sacrificial altar of Ru.
  8644 | D:10     | Entered Level 10 of the Dungeon
  8696 | D:10     | Found a staircase to the Lair.
  8746 | D:10     | Found a staircase to the Orcish Mines.
  8749 | D:10     | Reached skill level 5 in Dodging
  8956 | D:10     | HP: 2/64 [troll (3)]
  8956 | D:10     | Slain by a troll

Skill      XL: |  1  2  3  4  5  6  7  8  9 10 |
---------------+-------------------------------+-----
Axes           | 3 4 5 6 8 9 10 | 10.6
Fighting       | 4 5 6 7 8 |  8.0
Armour         | 3 4 |  4.4
Dodging        | 2 3 4 5 |  5.1
Stealth        | 1 2 3 4 |  4.1

Action                   |  1- 3 |  4- 6 |  7- 9 | 10-12 || total
-------------------------+-------+-------+-------+-------++-------
Melee: Hand axe          |    60 |   108 |       |       ||   168
       War axe           |       |    45 |   236 |    98 ||   379
       Battleaxe         |       |       |       |    54 ||    54
Invok: Berserk           |     1 |       |     3 |     1 ||     5
  Use: Scroll            |       |       |    21 |     5 ||    26
       Potion            |       |       |     1 |     2 ||     3
 Stab: Sleeping          |       |       |     1 |     3 ||     4
  Eat: Chunk             |       |     5 |    11 |     6 ||    22
       Ration            |       |       |     2 |     1 ||     3
Armor: Chain mail        |    25 |   101 |       |       ||   126
       Animal skin       |     3 |       |       |       ||     3
       Robe              |       |       |   100 |    64 ||   164
Dodge: Dodged            |    30 |    52 |   171 |   154 ||   407
